 Dungeon Crawl Stone Soup version 0.23-a0-612-gcb482e9 (console) character file.

125 Duffy the Chopper (level 5, -16/45 HPs)
             Began as a Naga Gladiator on Dec 21, 2018.
             Demolished by an ogre
             ... wielding a +0 giant club
              (18 damage)
             ... on level 4 of the Dungeon.
             The game lasted 00:02:08 (1707 turns).

Duffy the Chopper (Naga Gladiator)                  Turns: 1707, Time: 00:02:09

Health: -16/45     AC:  8    Str: 17    XL:     5   Next: 9%
Magic:  5/5        EV:  3    Int:  8    God:
Gold:   35         SH:  0    Dex: 13    Spells: 4/4 levels left

rFire    . . .     SeeInvis +   a - +0 war axe
rCold    . . .     Gourm    .   (no shield)
rNeg     . . .     Faith    .   m - +0 plate armour {rPois}
rPois    +         Spirit   .   c - +0 helmet
rElec    .         Reflect  .   (no cloak)
rCorr    +         Harm     .   (no gloves)
MR       .....                  (no barding)
Stlth    ..........             (no amulet)
HPRegen  0.15/turn              g - ring of resist corrosion
MPRegen  0.09/turn              (no ring)

@: very slow
A: large, see invisible, deformed body, poison resistance, slowness 2, slow
metabolism 1, spit poison 1, AC +1
a: Spit Poison


You were on level 4 of the Dungeon.
You were hungry.

You visited 1 branch of the dungeon, and saw 4 of its levels.

You collected 35 gold pieces.

Inventory:

Hand Weapons
 a - a +0 war axe (weapon)
Missiles
 d - 3 throwing nets (quivered)
Armour
 c - a +0 helmet (worn)
 m - a +0 plate armour of poison resistance (worn)
Jewellery
 g - a ring of resist corrosion (left hand)
Wands
 o - a wand of flame (21)
Scrolls
 b - a scroll of random uselessness {unknown}
 h - a scroll of noise {unknown}
 i - a scroll of enchant weapon {unknown}
 j - a scroll of teleportation {unknown}
 l - a scroll of identify {unknown}
 n - a scroll of enchant armour {unknown}
Potions
 e - 3 potions of degeneration {unknown}
Comestibles
 f - 3 rations
 k - 2 chunks of flesh


   Skills:
 - Level 2.0 Fighting
 + Level 5.2 Axes
 - Level 1.7 Throwing
 + Level 1.4 Armour
 - Level 2.4 Dodging


You had 4 spell levels left.
You didn't know any spells.
Your spell library was empty.

Dungeon Overview and Level Annotations

Branches:
Dungeon (4/15)
 Temple: D:4-7

Altars:
Vehumet
Wu Jian


Innate Abilities, Weirdness & Mutations

You cannot wear boots.
Your serpentine skin is tough. (AC +1)
You have supernaturally acute eyesight. (SInv)
Armour fits poorly on your strangely shaped body.
Your system is resistant to poisons. (rPois)
You cover ground very slowly.
You have a slow metabolism.
You can spit poison.


Message History

You are too injured to fight recklessly!
You are too injured to fight recklessly!
You are too injured to fight recklessly!
You are too injured to fight recklessly!
You are too injured to fight recklessly!
You are too injured to fight recklessly!
You are too injured to fight recklessly!
You are too injured to fight recklessly!
You slash the ogre!
The ogre is moderately wounded.
Your plate armour prevents you from hitting the hound.
You hear the rusting of a drain nearby.
The hound barely misses you.
The ogre hits you with a +0 giant club!!
The hound barely misses you.
You slash the ogre!
The ogre is severely wounded.
You hit the hound. The hound bites you.
The ogre hits you with a +0 giant club!!
You die...

......# #.# #...#.# #.#
....#.# #.#
#..##.######.# #######
.............###.....# #
......#######.....# #.#
#...### #..#..##..#.#
#...# #.###........
#...# #..#.@.#..#.#
#...# #...O.h# #.# #...#
## #........ #
#<..####..............#
#.........#.###.........
........... ##...#.....
.......... #.^.......
.......... #$..#.....
#.........


You could see an ogre and a hound.

Vanquished Creatures
  2 worker ants (D:4)
  A hound skeleton (D:4)
  Robin (D:1)
  An adder (D:3)
  An ooze (D:2)
  An adder skeleton (D:4)
  A worm (D:2)
  A dart slug (D:2)
  A ball python (D:4)
  A bat (D:1)
  3 hobgoblins (D:1)
  2 frilled lizards
  11 goblins
  4 kobolds
  4 rats
35 creatures vanquished.

Notes
Turn   | Place    | Note
-------+----------+-------------------------------------------
     0 | D:1      | Duffy the Naga Gladiator began the quest for the Orb.
     0 | D:1      | Reached XP level 1. HP: 19/19 MP: 1/1
   361 | D:1      | Reached XP level 2. HP: 14/26 MP: 2/2
   682 | D:2      | Noticed Robin
   831 | D:1      | Reached skill level 4 in Axes
   841 | D:1      | Reached XP level 3. HP: 25/32 MP: 3/3
   926 | D:1      | Killed Robin
  1513 | D:4      | Reached XP level 4. HP: 37/39 MP: 4/4
  1573 | D:4      | Found an ornate altar of the Wu Jian Council.
  1580 | D:4      | Reached skill level 5 in Axes
  1580 | D:4      | Reached skill level 1 in Armour
  1603 | D:4      | Reached XP level 5. HP: 29/45 MP: 5/5
  1620 | D:4      | Found a radiant altar of Vehumet.
  1697 | D:4      | Noticed an ogre
  1706 | D:4      | HP: 2/45 [ogre/+0 giant club (18)]
  1707 | D:4      | Demolished by an ogre

Vault maps used:
D:1:      ncdulo_watergridlock, minmay_quantized
D:2:      nemelex_altar_shiori, elyvilon_altar_1, uniq_crazy_yiuf_cottage,
          uniq_robin, uniq_natasha
D:3:      minmay_goblin_kobold_house, uniq_jessica
D:4:      vehumet_altar_wand_db, kennysheep_little_box,
          cheibrodos_sewer_entry_sluice, first_ration, minmay_misc_feat_five

Skill      XL: |  1  2  3  4 |
---------------+-------------+-----
Axes           | 4 5 |  5.2
Armour         | 1 |  1.4
Fighting       | |  2.0
Throwing       | |  1.7
Dodging        | |  2.4

Action                   |  1- 3 |  4- 6 || total
-------------------------+-------+-------++-------
Melee: War axe           |    74 |    25 ||    99
 Abil: Spit Poison       |     3 |     3 ||     6
  Eat: Chunk             |     1 |       ||     1
Armor: Leather armour    |    20 |       ||    20
       Plate armour      |    10 |    28 ||    38
Dodge: Dodged            |    50 |     8 ||    58

Table legend:
 A = Non-vault XP
 B = Vault XP
 C = Vault XP percentage of total XP
 D = Non-vault monster count
 E = Vault monster count
 F = Vault count percentage of total count
                 A         B        C        D         E       F
            +---------+---------+-------+---------+---------+-------
      Total |     141 |      38 |  21.2 |      22 |      13 |  37.1
            +---------+---------+-------+---------+---------+-------
        D:1 |      13 |      26 |  66.7 |       9 |       7 |  43.8
        D:2 |      18 |       8 |  30.8 |       4 |       4 |  50.0
        D:3 |      16 |       0 |   0.0 |       4 |       0 |   0.0
        D:4 |      94 |       4 |   4.1 |       5 |       2 |  28.6
            +---------+---------+-------+---------+---------+-------
